 Dungeon Crawl Stone Soup version 0.30.1-9-gdf580d7c3d (webtiles) character file.

Game seed: 13161948076599625948

13 leafyfresh the Magician (level 2, -3/21 HPs)
             Began as a Djinni Ice Elementalist on Oct 24, 2023.
             Slain by a quokka (4 damage)
             ... on level 1 of the Dungeon.
             The game lasted 00:00:48 (192 turns).

leafyfresh the Magician (Djinni Ice Elementalist)    Turns: 192, Time: 00:00:49

Health: -3/21      AC:  2    Str:  7    XL:     2   Next: 50%
Gold:   41         EV: 12    Int: 16    God:
                   SH:  0    Dex: 13

rFire   + + .        c - +0 dagger
rCold   x . .        (no shield)
rNeg    . . .        a - +0 robe
rPois   ∞            (no helmet)
rElec   .            (no cloak)
rCorr   .            (no gloves)
SInv    .            (boots unavailable)
Will    .....        (no amulet)
Stlth   ++           (no ring)
HPRegen 0.23/turn    (no ring)
MPRegen 0.00/turn

%: infuse magic (-4 HP)
@: flying
A: sickness immunity, fire resistance 2, cold vulnerability 1, float, innate
caster, HP casting, extra vitality 1
a: no special abilities


You were on level 1 of the Dungeon.
You visited 1 branch of the dungeon, and saw 1 of its levels.

You collected 41 gold pieces.

Inventory:

Hand Weapons
 c - a +0 dagger (weapon)
Armour
 a - a +0 robe (worn)
Scrolls
 b - a scroll of amnesia {unknown}


   Skills:
 - Level 2.1 Dodging
 - Level 1.5 Stealth
 + Level 3.7 Spellcasting


You knew the following spells:

 Your Spells              Type           Power      Damage    Failure   Level
a - Freeze                Ice            56%        1d7       3%          1
b - Frozen Ramparts       Ice            28%        1d5       12%         3
c - Ozocubu's Armour      Ice            14%        N/A       12%         3
d - Summon Ice Beast      Ice/Summ       14%        N/A       36%         4
Your spell library was empty.

Dungeon Overview and Level Annotations

Branches:
Dungeon (1/15)

Altars:


Innate Abilities, Weirdness & Mutations

You are immune to sickness and miasma.
You are immune to poison.
Your flesh is very heat resistant. (rF++)
You are vulnerable to cold. (rC-)
You float through the air rather than walking.
You learn spells naturally, not from books.
Your magical power is your life essence.
You have superior vitality. (+4 MHP)


Message History

There are monsters nearby!
You barely miss the quokka. The quokka bites you.
The giant cockroach misses you.
There are monsters nearby!
You barely miss the quokka. The quokka barely misses you.
The giant cockroach bites you. The kobold hits you with a +0 dagger.
Casting: Freeze (safe; 3% risk of failure)
Confirm with . or Enter, or press ? or * to list all spells.
Aiming: Freeze (safe; 3% risk of failure)
Press: ? - help, Shift-Dir - straight line, f - giant cockroach
Aim: a giant cockroach You freeze the giant cockroach.
The giant cockroach is moderately wounded.
The quokka bites you. The giant cockroach closely misses you.
The kobold misses you.
The giant cockroach bites you but does no damage.
The quokka bites you but does no damage.
There is a stone staircase leading down here.
Casting: Freeze (safe; 3% risk of failure)
Confirm with . or Enter, or press ? or * to list all spells.
Aiming: Freeze (safe; 3% risk of failure)
Press: ? - help, Shift-Dir - straight line, f - quokka, p - giant cockroach
Aim: a quokka You freeze the quokka.
The quokka is moderately wounded.
* * * LOW HITPOINT WARNING * * *
The quokka bites you.
* * * LOW HITPOINT WARNING * * *
Casting: Freeze (safe; 3% risk of failure)
Confirm with . or Enter, or press ? or * to list all spells.
You don't have enough health to cast this spell.
Unknown command.
You closely miss the quokka.
The quokka is moderately wounded.
The quokka bites you.
* * * LOW HITPOINT WARNING * * *
You closely miss the quokka.
The quokka is moderately wounded.
The quokka bites you.
You die...

..# ..# ... ..# .... ..#
≈§§# ...## .+# #§.§# #...
## #≈.≈# ...### # #≈.≈#
#...## #≈.≈# #...###
#≈.≈# #@...## #§†≈####
##r##..####
#§##..####.BK....... ###
#......##..r........
#.####..................
##...##..................
#..#.####......$.........
#.#..##....##............
..#....†..........(......


You could see a quokka, a giant cockroach, a kobold and a rat.

Vanquished Creatures
  A dart slug (D:1)
  A ball python (D:1)
  A bat (D:1)
  An endoplasm (D:1)
  A giant cockroach (D:1)
  A goblin (D:1)
  A hobgoblin (D:1)
  A quokka (D:1)
  A kobold (D:1)
9 creatures vanquished.

Notes
Turn   | Place    | Note
-------+----------+-------------------------------------------
     0 | D:1      | leafyfresh the Djinni Ice Elementalist began the quest for
                  | the Orb.
     0 | D:1      | leafyfresh set off with the following spells memorised:
                  | Freeze, Frozen Ramparts, Ozocubu's Armour, Summon Ice
                  | Beast.
     0 | D:1      | Reached XP level 1. HP: 15/15 MP: 0/0
    56 | D:1      | Reached XP level 2. HP: 20/21 MP: 0/0
   109 | D:1      | Found a faded altar of an unknown god.
   190 | D:1      | HP: 1/21 [quokka (5)]
   192 | D:1      | Slain by a quokka

Illustrated notes

Levels and vault maps discovered:
D:1:      lemuel_arrival_rhombus, layout_rooms, serial_curves, eino_curves_03,
          eino_curves_04, eino_curves_03, ebering_ecumenical_altar_webs,
          serial_park_tiny_1, amcnicky_mini_rare_corridor_liquid,
          minmay_bisected

Action                     || total
---------------------------++-------
  Melee: Unarmed           ||     1
         Dagger            ||     9
   Cast: Freeze            ||    13
   Stab: Sleeping          ||     1
 Armour: Robe              ||     7
  Dodge: Dodged            ||    12
